 Dungeon Crawl Stone Soup version 0.19-a0-1645-gf496a64 (webtiles) character file.

434 Gorfmaster the Cudgeler (level 7, 0/61 HPs)
             Began as a Gargoyle Berserker on Sept 19, 2016.
             Was a Priest of Trog.
             Slain by an ogre
             ... wielding a cursed +0 giant spiked club
              (4 damage)
             ... on level 4 of the Dungeon.
             The game lasted 00:14:51 (2911 turns).

Gorfmaster the Cudgeler (Gargoyle Berserker)        Turns: 2911, Time: 00:14:52

Health: 0/61       AC: 18    Str: 27    XL:     7   Next: 0%
Magic:  7/7        EV:  7    Int:  8    God:    Trog [***...]
Gold:   176        SH:  4    Dex:  9    Spells: 0 memorised, 6 levels left

rFire  . . .     SeeInvis .     u - +3 mace (holy)
rCold  . . .     Gourm    .     b - +0 plate armour
rNeg   + . .     Faith    .     (no shield)
rPois  ∞         Spirit   .     g - +1 helmet
rElec  +         Dismiss  .     r - +0 cloak
rCorr  .         Reflect  +     (no gloves)
MR     .....     Harm     .     (no boots)
Stlth  ..........               k - +4 amulet of reflection
                                (no ring)
                                (no ring)

@: berserking, very quick
A: negative energy resistance 1, electricity resistance, unbreathing,
petrification resistance, rot immunity, AC +4
a: Berserk, Trog's Hand, Burn Spellbooks, Renounce Religion


You were on level 4 of the Dungeon.
You worshipped Trog.
Trog was most pleased with you.
You were hungry.

You visited 1 branch of the dungeon, and saw 4 of its levels.

You collected 176 gold pieces.

Inventory:

Hand Weapons
 u - a +3 mace of holy wrath (weapon)
Armour
 b - a +0 plate armour (worn)
 g - a +1 helmet (worn)
 r - a +0 cloak (worn)
Jewellery
 k - a +4 amulet of reflection (around neck)
Scrolls
 d - a scroll of remove curse
 h - a scroll of recharging
 l - a scroll of teleportation
Potions
 f - 3 potions of brilliance
 j - 2 potions of cure mutation
 p - 2 potions of cancellation {unknown}
Comestibles
 c - 4 bread rations
 m - a meat ration


   Skills:
 - Level 3.2 Fighting
 + Level 7.6 Maces & Flails
 - Level 2.1 Armour
 - Level 1.5 Dodging


You had 6 spell levels left.
You didn't know any spells.

Dungeon Overview and Level Annotations

Branches:
Dungeon (4/15)
 Temple: D:4-7

Altars:


Innate Abilities, Weirdness & Mutations

You are resistant to torment.
Your stone body is resilient. (AC +4)
You are immune to poison.
You resist negative energy. (rN+)
You are resistant to electric shocks. (rElec)
You can survive without breathing.
You are immune to petrification.
You are immune to rotting.


Message History

You thump the ogre!
The ogre is severely wounded.
The ogre hits you but does no damage.
You sock the ogre!
The ogre is almost dead.
You hit the ogre.
You kill the ogre!
Trog accepts your kill.
You have reached level 7!
You completely miss the ogre. You hit the ogre.
The ogre is moderately wounded.
The ogre hits you with a giant spiked club.
* * * LOW HITPOINT WARNING * * *
You barely miss the ogre.
The ogre is moderately wounded.
You barely miss the ogre.
The ogre is moderately wounded.
The ogre hits you with a giant spiked club.
You die...

#.##.#####
......O@.#
..##.###.#
#.# #.#
#.## #.#
#... #.#
#..# #.#
#..# #.#
#..# #.#


You could see an ogre.

Vanquished Creatures
  An ogre (D:4)
  Crazy Yiuf (D:3)
  Natasha (thrice) (D:2)
  Robin (D:3)
  6 gnolls (D:3)
  7 adders
  A worm (D:2)
  3 dart slugs
  4 leopard geckos
  9 orcs
  A ball python (D:2)
  A giant cockroach (D:1)
  17 goblins
  15 hobgoblins
  9 kobolds
  2 quokkas (D:3)
  7 bats
  4 frilled lizards (D:2)
  10 rats
102 creatures vanquished.

Notes
Turn   | Place    | Note
-------+----------+-------------------------------------------
     0 | D:1      | Gorfmaster the Gargoyle Berserker began the quest for the Orb.
     0 | D:1      | Reached XP level 1. HP: 14/14 MP: 1/1
   188 | D:1      | Reached XP level 2. HP: 19/19 MP: 2/2
   579 | D:1      | Reached skill level 4 in Maces & Flails
   640 | D:2      | Reached XP level 3. HP: 20/23 MP: 3/3
   763 | D:2      | Reached ** piety under Trog
   824 | D:2      | Reached XP level 4. HP: 18/28 MP: 4/4
   937 | D:2      | Noticed Natasha
   950 | D:2      | Killed Natasha
   950 | D:2      | Reached skill level 5 in Maces & Flails
  1130 | D:2      | Noticed Natasha
  1143 | D:2      | Killed Natasha
  1143 | D:2      | Reached XP level 5. HP: 19/32 MP: 5/5
  1409 | D:2      | Noticed Natasha
  1422 | D:2      | Killed Natasha
  1839 | D:2      | Reached skill level 6 in Maces & Flails
  1876 | D:3      | Noticed Robin
  1890 | D:3      | Killed Robin
  2120 | D:3      | Reached *** piety under Trog
  2120 | D:3      | Reached XP level 6. HP: 37/37 MP: 6/6
  2217 | D:3      | Found a runed door.
  2472 | D:3      | Reached skill level 7 in Maces & Flails
  2671 | D:3      | Noticed Crazy Yiuf
  2676 | D:3      | Killed Crazy Yiuf
  2907 | D:4      | Reached XP level 7. HP: 8/41 MP: 7/7
  2909 | D:4      | HP: 3/61 [ogre/giant spiked club (5)]
  2911 | D:4      | Slain by an ogre

Vault maps used:
D:1:      enne_arrival_octagon_isle, kennysheep_another_room
D:2:      kennysheep_big_flooded_room, first_bread, uniq_natasha
D:3:      uniq_crazy_yiuf_cottage, uniq_robin
D:4:      serial_shops, shop, nicolae_qazlal_general_emergency

Skill      XL: |  1  2  3  4  5  6 |
---------------+-------------------+-----
Maces & Flails | 4 5 6 7 |  7.6
Fighting       | |  3.2
Armour         | |  2.1
Dodging        | |  1.5

Action                   |  1- 3 |  4- 6 |  7- 9 || total
-------------------------+-------+-------+-------++-------
Melee: Mace              |   112 |   298 |     4 ||   414
Invok: Berserk           |       |     3 |       ||     3
  Use: Scroll            |       |    12 |       ||    12
  Eat: Chunk             |       |     9 |       ||     9
Armor: Ring mail         |    15 |       |       ||    15
       Scale mail        |    42 |     1 |       ||    43
       Plate armour      |       |   227 |       ||   227
Dodge: Dodged            |    67 |   103 |       ||   170
Block: Other             |     9 |    60 |       ||    69
       Reflection        |       |     3 |       ||     3
